AoeStats
← Ed.

Highland

504559633Analyzed
4v4 RM · 26d ago on Sep 5, 2026· 56m 52s· 8 players
Game mode
Random Map
Map size
Large (8 player)
Population
200
Speed
Normal
Resources
Standard
Victory
Conquest
Starting age
Dark Age
Ending age
Imperial Age
RankedLock teamsTeams togetherTeam positionsShared explorationLock speedFull tech treeHidden civsTurbo modeCheats
Victory
Defeat
🇺🇸 Teutons · United States
920
+14
🇺🇸 Maya · United States
907
+14
🇺🇸 Persians · United States
906
+14
🇺🇸 Franks · United States
898
+14
🇺🇸 Bulgarians · United States
927
-16
🇬🇧 Persians · United Kingdom
900
-15
🇹🇼 Mongols · Taiwan
855
-14
🇨🇳 Shu · China
784
-11
MoroseZeus50
12:30 Feudal Age
13:50 Wheelbarrow
13:04 Double-Bit Axe
13:01 Horse Collar
23:20 Castle Age
22:38 Stone Mining
22:42 Gold Mining
24:40 Bow Saw
26:01 Hand Cart
28:55 Fletching
28:44 Pikeman
39:23 Imperial Age
40:32 Forging
40:28 Scale Barding Armor
40:23 Scale Mail Armor
40:22 Bodkin Arrow
42:51 Iron Casting
42:36 Chain Barding Armor
42:40 Chain Mail Armor
43:02 Stirrups
GMTY0712
5:27 Loom
13:25 Feudal Age
14:28 Double-Bit Axe
14:26 Horse Collar
20:19 Gold Mining
20:19 Stone Mining
24:49 Castle Age
23:51 Fletching
24:02 Padded Archer Armor
24:57 Crossbowman
25:42 Thumb Ring
28:02 Coiled Serpent Array
29:17 Medium Warships
31:53 Bow Saw
32:04 Bodkin Arrow
32:10 Scale Mail Armor
32:21 Forging
32:26 Leather Archer Armor
33:04 Coiled Serpent Array
36:29 Chain Mail Armor
38:23 Elite Skirmisher
43:10 Imperial Age
43:57 Arbalester
45:00 Conscription
44:41 Bolt Magazine
45:48 Squires
47:22 Ballistics
48:03 Chemistry
47:53 Bracer
48:24 Ring Archer Armor
49:07 Hoardings
49:39 Wheelbarrow
48:49 Town Watch
49:43 Masonry
49:38 Siege Engineers
49:45 Murder Holes
50:00 Fortified Wall
51:33 Two-Man Saw
50:37 Heavy Plow
51:39 Ring Archer Armor
51:39 Plate Mail Armor
50:37 Pikeman
52:08 Elite White Feather Guard
53:12 Scale Barding Armor
55:52 Architecture
55:53 Chain Barding Armor
Arlans天空
1:03 Loom
13:25 Feudal Age
21:56 Castle Age
24:41 Double-Bit Axe
29:35 Bow Saw
32:15 Horse Collar
32:28 Gold Mining
32:29 Stone Mining
33:07 Nomads
36:33 Ballistics
36:26 Fortified Wall
36:11 Murder Holes
36:29 Bloodlines
36:19 Husbandry
37:17 Caravan
37:43 Light Cavalry
39:34 Gold Shaft Mining
39:37 Stone Shaft Mining
42:32 Fletching
42:42 Padded Archer Armor
47:37 Heavy Plow
48:38 Bodkin Arrow
48:43 Padded Archer Armor
50:02 Leather Archer Armor
49:59 Forging
49:54 Scale Barding Armor
Cruizinblind
0:32 Loom
11:04 Feudal Age
13:50 Double-Bit Axe
20:53 Castle Age
19:38 Horse Collar
19:56 Fletching
23:07 Wheelbarrow
22:35 Bodkin Arrow
22:19 Pikeman
23:15 Scale Barding Armor
23:14 Town Watch
23:48 Scale Mail Armor
26:21 Gambesons
27:37 Bow Saw
28:15 Husbandry
29:36 Forging
29:57 Bloodlines
31:43 Hand Cart
32:20 Man-at-Arms
32:26 Light Cavalry
33:44 Chain Mail Armor
33:30 Gold Mining
33:48 Town Watch
34:05 Arson
35:21 Kamandaran
36:22 Gold Shaft Mining
35:29 Long Swordsman
36:22 Heavy Plow
37:09 Iron Casting
37:17 Squires
37:44 Chain Barding Armor
40:36 Imperial Age
41:22 Conscription
40:28 Halberdier
41:20 Cavalier
42:23 Savar
45:25 Blast Furnace
44:56 Plate Mail Armor
44:03 Capped Ram
44:08 Heavy Scorpion
45:23 Elite War Elephant
46:25 Siege Ram
crugal
9:23 Loom
12:42 Feudal Age
13:24 Horse Collar
13:30 Double-Bit Axe
16:06 Wheelbarrow
20:25 Castle Age
18:59 Fletching
19:52 Padded Archer Armor
21:33 Bow Saw
21:00 Crossbowman
21:46 Thumb Ring
23:05 Heavy Plow
23:42 Gold Mining
25:07 Stone Mining
26:05 Bodkin Arrow
27:52 Leather Archer Armor
29:14 Forging
29:04 Scale Mail Armor
28:28 Elite Skirmisher
29:32 Ballistics
29:09 Murder Holes
28:54 Treadmill Crane
30:44 Stone Shaft Mining
36:21 Imperial Age
37:05 Iron Casting
36:45 Chain Mail Armor
37:09 Caravan
36:38 Arbalester
39:18 Hand Cart
40:05 Chemistry
40:46 Elite Plumed Archer
41:47 Conscription
42:46 Bracer
43:16 Ring Archer Armor
45:05 Blast Furnace
44:35 Plate Mail Armor
43:28 Eagle Warrior
43:55 Arson
44:10 Squires
44:48 Elite Eagle Warrior
51:17 Holcans
50:49 Hul'che Javelineers
51:14 Masonry
54:22 Coinage
54:02 Guilds
53:48 Heated Shot
54:29 Architecture
54:09 Fortified Wall
53:50 Guard Tower
54:20 Shipwright
54:11 Clinker Construction
54:11 Careening
Shmootis
8:02 Loom
11:48 Feudal Age
15:32 Double-Bit Axe
19:49 Fishing Lines
26:54 Castle Age
26:36 Wheelbarrow
28:05 Medium Warships
28:18 Gillnets
28:52 Gold Mining
32:36 Scale Barding Armor
32:33 Scale Mail Armor
34:33 Husbandry
35:32 Chain Barding Armor
35:28 Chain Mail Armor
43:40 Imperial Age
44:54 Cavalier
46:33 Paladin
49:39 Plate Barding Armor
49:35 Plate Mail Armor
57:25 Hand Cart
StanB
12:26 Feudal Age
11:07 Loom
14:02 Double-Bit Axe
17:09 Horse Collar
18:25 Gold Mining
24:07 Castle Age
23:01 Stone Mining
26:04 Bow Saw
26:04 Scale Mail Armor
26:15 Forging
28:29 Heavy Plow
38:17 Chain Mail Armor
42:30 Iron Casting
44:44 Imperial Age
43:10 Squires
42:56 Arson
42:58 Gambesons
45:54 Elite Teutonic Knight
50:35 Plate Mail Armor
51:06 Blast Furnace
56:15 Onager
Ed.
11:44 Feudal Age
10:28 Loom
15:39 Castle Age
14:14 Double-Bit Axe
15:09 Scale Barding Armor
16:37 Wheelbarrow
16:18 Forging
17:02 Fishing Lines
21:04 Hand Cart
21:15 Medium Warships
24:43 Iron Casting
26:52 Bloodlines
26:46 Horse Collar
27:01 Gold Mining
29:09 Chain Barding Armor
30:03 Caravan
31:25 Bow Saw
31:51 Gold Shaft Mining
31:07 Stone Mining
31:20 Heavy Plow
34:41 Imperial Age
34:18 Stone Shaft Mining
34:11 Gillnets
34:15 Fletching
37:52 Two-Man Saw
38:16 Ballistics
37:52 Murder Holes
38:57 Chemistry
37:40 Elite War Elephant
41:15 Conscription
40:57 Kamandaran
41:33 Hoardings
41:59 Crossbowman
42:44 Thumb Ring
43:43 Blast Furnace
43:18 Plate Barding Armor
42:40 Bodkin Arrow
42:45 Padded Archer Armor
46:37 Scale Mail Armor
Connection lost

Rejoining the realm…

Still unreachable

The connection could not be restored.

Session expired

The server has moved on; the page needs a fresh start.